 Dungeon Crawl Stone Soup version 0.29-a0-321-gf1c400731a (webtiles) character file.

Game seed: 14819631156048004053

260 sammy202020 the Skirmisher (level 5, 0/44 HPs)
             Began as a Demonspawn Berserker on Apr 5, 2022.
             Was a Priest of Trog.
             Killed from afar by an orc wizard (4 damage)
             ... with a puff of flame
             ... on level 3 of the Dungeon.
             The game lasted 00:07:57 (2874 turns).

sammy202020 the Skirmisher (Demonspawn Berserker)   Turns: 2874, Time: 00:07:58

Health: 0/44       AC: 11    Str: 17    XL:     5   Next: 95%
Magic:  5/5        EV:  7    Int: 10    God:    Trog [***...]
Gold:   155        SH:  3    Dex: 13    Spells: 4/4 levels left

rFire   + . .      SeeInvis .   a - +0 hand axe
rCold   . . .      Faith    .   h - +0 buckler
rNeg    . . .      Spirit   .   m - +0 chain mail
rPois   .          Reflect  .   (helmet restricted)
rElec   .          Harm     .   j - +0 cloak
rCorr   +          Rampage  .   (no gloves)
Will    .....                   (no boots)
Stlth   ..........              (no amulet)
HPRegen 0.14/turn               f - ring of resist corrosion
MPRegen 0.09/turn               q - ring of protection from fire

@: no status effects
A: antennae 1, rugged brown scales 1, spiny 1
a: Renounce Religion, Berserk, Trog's Hand


You were on level 3 of the Dungeon.
You worshipped Trog.
Trog was most pleased with you.
You visited 1 branch of the dungeon, and saw 4 of its levels.

You collected 155 gold pieces.

Inventory:

Hand Weapons
 a - a +0 hand axe (weapon)
 n - a +0 flail
 t - a +0 morningstar of protection
 v - a +0 hunting sling of freezing
Missiles
 g - 17 poisoned darts (quivered)
Armour
 h - a +0 buckler (worn)
 j - a +0 cloak (worn)
 m - a +0 chain mail (worn)
Jewellery
 f - a ring of resist corrosion (left hand)
 q - a ring of protection from fire (right hand)
Wands
 s - a wand of iceblast (12)
Scrolls
 b - 8 scrolls of identify {unknown}
 e - a scroll of amnesia {unknown}
 k - a scroll of fog {unknown}
 o - a scroll of enchant armour {unknown}
 w - a scroll of fear {unknown}
Potions
 c - 2 potions of berserk rage {unknown}
 d - a potion of ambrosia {unknown}
 i - 3 potions of curing {unknown}
 l - 3 potions of mutation {unknown}
 p - 2 potions of lignification {unknown}
 r - a potion of invisibility {unknown}
 u - a potion of experience {unknown}


   Skills:
 * Level 4.8 Fighting
 * Level 4.3 Axes
 + Level 2.9 Armour
 - Level 1.7 Dodging


You had 4 spell levels left.
You didn't know any spells.
Your spell library was empty.

Dungeon Overview and Level Annotations

Branches:
Dungeon (4/15)
 Temple: D:4-7

Altars:
Sif Muna


Innate Abilities, Weirdness & Mutations

You have a pair of small antennae on your head.
You are partially covered in rugged brown scales. (AC +1, +3% HP)
You are partially covered in sharp spines.


Message History

You closely miss the iguana. You hit something but do no damage.
An orc comes into view. It is wielding a +0 hand axe.
Something hits you but does no damage. The iguana barely misses you.
The iguana bites you.
An orc comes into view. It is wielding a +0 club.
You hear some strange, mumbled words.
You are confused.
You are too confused!
Okay, then.
The orc shouts!
There is a stone staircase leading up here.
The scorpion is struck by your spines.
The scorpion stings you but does no damage.
The scorpion stings you. The iguana barely misses you.
Something hits you but does no damage.
You climb upwards.
Reactivating autopickup.
There is a stone staircase leading down here.
Deactivating autopickup; reactivate with Ctrl-A.
You miss something. You hit the iguana but do no damage.
You barely miss the scorpion. The scorpion is struck by your spines.
The scorpion stings you but does no damage.
The iguana bites you!
* * * LOW HITPOINT WARNING * * *
Something hits you but does no damage.
You completely miss the iguana. You hit something.
You hit the scorpion but do no damage.
You feel less confused.
The scorpion stings you but does no damage.
The iguana bites you!
* * * LOW HITPOINT WARNING * * *
Something hits you but does no damage.
You hit the iguana but do no damage. You hit the scorpion.
You hit something but do no damage.
The scorpion stings you but does no damage.
The iguana closely misses you.
You hear some strange, mumbled words.
A puff of flame appears from out of thin air!
The puff of flame hits you. You resist.
You die...

....#........# #..#.# #........
....#........# ##.#.# #........
.P..#........######...###........
⌠≈..##.########......###.........
⌠.P.....## #....####.....##......
.........###.######).######)†....
.#..#..#.....##......# #......
.#.............s####.### #......
##...##†..##...{@l.....# #......
........##########.....# #......
.....#### #...[.# ####### ##...#
#.....# ##### #######


You could see a scorpion and an iguana.

Vanquished Creatures
  2 orc wizards (D:3)
  Robin (D:3)
  2 river rats (D:3)
  9 adders
  A worm (D:3)
  6 orcs (D:3)
  4 endoplasms
  2 giant cockroaches (D:2)
  9 goblins
  11 hobgoblins
  4 jackals (D:4)
  3 quokkas
  18 ball pythons
  4 bats
  A frilled lizard (D:2)
  5 kobolds
  11 rats
93 creatures vanquished.

Vanquished Creatures (others)
  3 fungi (D:3)
  23 plants
26 creatures vanquished.

Grand Total: 119 creatures vanquished

Notes
Turn   | Place    | Note
-------+----------+-------------------------------------------
     0 | D:1      | sammy202020 the Demonspawn Berserker began the quest for
                  | the Orb.
     0 | D:1      | Reached XP level 1. HP: 18/18 MP: 1/1
   142 | D:1      | Gained mutation: You are partially covered in sharp spines.
                  | [demonic ancestry]
   142 | D:1      | Reached XP level 2. HP: 23/24 MP: 2/2
   727 | D:2      | Reached ** piety under Trog
   735 | D:2      | Gained mutation: You have a pair of small antennae on your
                  | head. [demonic ancestry]
   735 | D:2      | Reached XP level 3. HP: 18/29 MP: 3/3
  1612 | D:2      | Gained mutation: You are partially covered in rugged brown
                  | scales. (AC +1, +3% HP) [demonic ancestry]
  1612 | D:2      | Reached XP level 4. HP: 30/38 MP: 4/4
  1860 | D:3      | Reached XP level 5. HP: 43/43 MP: 5/5
  2113 | D:3      | Noticed Robin
  2142 | D:3      | Killed Robin
  2435 | D:3      | Found a faded altar of an unknown god.
  2534 | D:3      | Reached *** piety under Trog
  2852 | D:4      | Found a shimmering blue altar of Sif Muna.
  2874 | D:3      | Killed from afar by an orc wizard

Illustrated notes

Levels and vault maps discovered:
D:1:      nagdon_arrival_zigzag_paths, layout_basic, dreamdust_princess_bridge
D:2:      minmay_wonky_spiral, layout_basic, serial_bayou, serial_bayou_pond_d,
          serial_bayou_lake_a, serial_bayou_pond_e, serial_bayou_pond_e
D:3:      layout_rooms, shapermc_ecumenical_altar_mp_ritualfount,
          portal_sewer_entry_e, uniq_robin
D:4:      layout_rooms, brannock_xom_greatest_gift,
          mainiacjoe_overflow_small_starburst, zin_statuary,
          cheibriados_altar_1, roderic_lattice_a, kennysheep_potato,
          uniq_blork_the_orc

Skill      XL: |  1  2  3  4  5 |
---------------+----------------+-----
Armour         | 2 |  2.9
Axes           | 3 4 |  4.3
Fighting       | 4 |  4.8
Dodging        | |  1.7

Action                   |  1- 3 |  4- 6 || total
-------------------------+-------+-------++-------
Melee: Hand axe          |    72 |   109 ||   181
Invok: Berserk           |       |     1 ||     1
       Trog's Hand       |       |     1 ||     1
Armor: Scale mail        |    29 |       ||    29
       Chain mail        |     2 |    67 ||    69
Dodge: Dodged            |    39 |    30 ||    69
Block: Buckler           |     5 |    16 ||    21

Table legend: (Time is in decaauts)
 A = Elapsed time spent in this place.
 B = Non-inter-level travel time spent in this place.
 C = Inter-level travel time spent in this place.
 D = Time resting spent in this place.
 E = Time spent auto-exploring this place.
 F = Levels seen in this place.
 G = Mean time per level.
                   A        B        C        D        E       F      G
               +--------+--------+--------+--------+--------+-----+--------+
         Total |   2935 |   2928 |      7 |    119 |   2085 |   4 |  733.8 |
       Dungeon |   2935 |   2928 |      7 |    119 |   2085 |   4 |  733.8 |
               +--------+--------+--------+--------+--------+-----+--------+

Top non-repeatable levels by time:
     D:2: 1169 daAuts
     D:3: 997 daAuts
     D:1: 691 daAuts
     D:4: 76 daAuts
